 Dungeon Crawl Stone Soup version 0.31-a0-177-g4aa6249778 (webtiles) character file.

Game seed: 12923557820660973950

289 Maxmaps the Shooter (level 6, 0/44 HPs)
             Began as a Formicid Hunter on June 19, 2023.
             Was an Initiate of the Shining One.
             Slain by an iguana (12 damage)
             ... on level 4 of the Dungeon.
             The game lasted 00:03:24 (2708 turns).

Maxmaps the Shooter (Formicid Hunter)               Turns: 2708, Time: 00:03:25

Health: 0/44       AC:  5    Str: 13 (15) XL:     6   Next: 57%
Magic:  6/6        EV: 12    Int: 12      God:    the Shining One [......]
Gold:   165        SH:  0    Dex: 18      Spells: 5/5 levels left

rFire   + . .        a - +0 shortbow
rCold   . . .        (no shield)
rNeg    . . .        c - +0 leather armour
rPois   .            (helmet unavailable)
rElec   .            (no cloak)
rCorr   .            e - +0 pair of gloves
SInv    +            i - +0 pair of boots
Will    .....        (no amulet)
Stlth   +            (no ring)
HPRegen 0.27/turn    (no ring)
MPRegen 0.10/turn

%: no passive effects
@: glowing
A: permanent stasis, dig shafts and tunnels, antennae 3, four strong arms,
clever 1, deterioration 1, fire resistance 1
a: Dig, Shaft Self, Renounce Religion


You were on level 4 of the Dungeon.
You worshipped the Shining One.
The Shining One was noncommittal.
You visited 2 branches of the dungeon, and saw 5 of its levels.

You collected 165 gold pieces.

Inventory:

Hand Weapons
 a - a +0 shortbow (weapon)
Armour
 c - a +0 leather armour (worn)
 e - a +0 pair of gloves (worn)
 i - a +0 pair of boots (worn)
Jewellery
 f - an amulet of faith
Scrolls
 b - a scroll of butterflies
 d - a scroll of fog {unknown}
 g - 4 scrolls of identify {unknown}
 h - a scroll of vulnerability {unknown}
 j - 2 scrolls of poison {unknown}
 l - a scroll of fear {unknown}
 m - a scroll of revelation {unknown}
 n - 2 scrolls of blinking {unknown}


   Skills:
 - Level 2.1 Fighting
 + Level 7.4 Ranged Weapons
 - Level 1.7 Dodging
 - Level 1.2 Stealth


You had 5 spell levels left.
You didn't know any spells.
Your spell library contained the following spells:

 Spells                   Type           Power      Damage    Failure   Level
 Magic Dart               Conj           0%         1d3       38%         1
 Searing Ray              Conj           0%         2d4       54%         2
 Fulminant Prism          Conj/Hex       0%         3d5       99%         4


Dungeon Overview and Level Annotations

Branches:
Dungeon (4/15)             Temple (1/1) D:4

Altars:
Ashenzari
Dithmenos
Elyvilon
Hepliaklqana
Kikubaaqudgha
Makhleb
Okawaru
Qazlal
Ru
Sif Muna
Trog
Xom
Yredelemnul
Zin
The Shining One


Innate Abilities, Weirdness & Mutations

You cannot be hasted, slowed, berserked, paralysed or teleported.
You can dig through walls and to a lower floor.
You have a pair of large antennae on your head. (SInv)
Your four strong arms can wield two-handed weapons with a shield.
Your mind is acute. (Int +4, Str/Dex -1)
Your body sometimes deteriorates upon taking damage.
Your flesh is heat resistant. (rF+)


Message History

The iguana bites you.
An iguana is nearby!
You shoot an arrow.
The arrow hits the iguana but does no damage.
The iguana is moderately wounded.
The iguana bites you.
An iguana is nearby!
You shoot an arrow.
The arrow hits the iguana but does no damage.
The iguana is moderately wounded.
The iguana barely misses you.
You shoot an arrow. The arrow hits the iguana!
The iguana is severely wounded.
The iguana bites you!
Your body deteriorates!
You feel weakened.
You are too injured to fight recklessly!
You are too injured to fight recklessly!
You are too injured to fight recklessly!
You are too injured to fight recklessly!
Fire: a) +0 shortbow
Press: ? - help, Shift-Dir - straight line, f/p - iguana
Aim: an iguana (severely wounded, 69% to hit)
You shoot an arrow. The arrow barely misses the iguana.
The iguana bites you.
Fire: a) +0 shortbow
Press: ? - help, Shift-Dir - straight line, f/p - iguana
Aim: an iguana (severely wounded, 69% to hit)
You shoot an arrow.
The arrow hits the iguana but does no damage.
The iguana is severely wounded.
The iguana bites you!
* * * LOW HITPOINT WARNING * * *
Your body deteriorates!
You feel weakened.
Unknown command.
Fire: a) +0 shortbow
Press: ? - help, Shift-Dir - straight line, f/p - iguana
Aim: an iguana (severely wounded, 69% to hit)
You shoot an arrow. The arrow hits the iguana.
The iguana is severely wounded.
The iguana bites you!
You die...

##..# #†## #.# # #.#
.# ####.## .#
#######.....# #.#
#.....#.>...#### ..#
#..............##l.##
...###....####..@...#
..## ###..##
###........ ..#
#...## #..#####. .##
##...# #..# ##
#######.####..###
###...####..##.....
#......####.>....#
#..###..###...####
#...###..##...#


You could see an iguana.

Vanquished Creatures
  A scorpion (D:4)
  2 orc wizards
  Natasha (thrice) (D:3)
  Terence (D:3)
  An adder (D:4)
  A worm (D:3)
  4 dart slugs
  11 orcs
  4 endoplasms
  2 giant cockroaches (D:2)
  5 goblins
  5 hobgoblins
  2 quokkas
  4 ball pythons
  4 bats
  3 frilled lizards
  5 kobolds
  6 rats
  A butterfly (D:4)
65 creatures vanquished.

Notes
Turn   | Place    | Note
-------+----------+-------------------------------------------
     0 | D:1      | Maxmaps the Formicid Hunter began the quest for the Orb.
     0 | D:1      | Reached XP level 1. HP: 16/16 MP: 1/1
   107 | D:1      | Reached XP level 2. HP: 22/22 MP: 2/2
   283 | D:1      | Reached XP level 3. HP: 27/27 MP: 3/3
   508 | D:2      | Reached skill level 5 in Ranged Weapons
  1288 | D:3      | Reached XP level 4. HP: 33/33 MP: 4/4
  1294 | D:3      | Noticed Terence
  1362 | D:3      | Killed Terence
  1472 | D:3      | Noticed Natasha
  1484 | D:3      | Killed Natasha
  1485 | D:3      | Reached skill level 6 in Ranged Weapons
  1485 | D:3      | Reached XP level 5. HP: 7/38 MP: 5/5
  1492 | D:3      | Noticed Natasha
  1506 | D:3      | Gained mutation: Your flesh is heat resistant. (rF+)
                  | [potion of mutation]
  1506 | D:3      | Gained mutation: Your body sometimes deteriorates upon
                  | taking damage. [potion of mutation]
  1506 | D:3      | Gained mutation: Your mind is acute. (Int +4, Str/Dex -1)
                  | [potion of mutation]
  1519 | D:3      | Killed Natasha
  1660 | D:3      | Found a sacrificial altar of Ru.
  1994 | D:3      | Noticed Natasha
  1999 | D:3      | Killed Natasha
  2001 | D:3      | Reached XP level 6. HP: 43/44 MP: 6/6
  2240 | D:4      | Found a staircase to the Ecumenical Temple.
  2263 | D:4      | Identified the +2 robe "Pucan" {rN+ Int+4}
  2289 | Temple   | Entered the Ecumenical Temple
  2314 | Temple   | Became a worshipper of the Shining One
  2528 | D:4      | Reached skill level 7 in Ranged Weapons
  2708 | D:4      | Slain by an iguana

Illustrated notes

Levels and vault maps discovered:
D:1:      giann_bridges, layout_rooms
D:2:      layout_basic, kennysheep_generic_room_15
D:3:      layout_basic, mainiacjoe_overflow_24_doors, serial_bayou_crossing,
          uniq_terence, uniq_natasha
D:4:      cheibrodos_old_hovel, layout_layer_cave,
          minmay_temple_entry_butterflies, dreamdust_gnoll_farm
Temple:   nicolae_temple_bog_church

Skill      XL: |  1  2  3  4  5  6 |
---------------+-------------------+-----
Ranged Weapons | 5 6 7 |  7.4
Fighting       | |  2.1
Dodging        | |  1.7
Stealth        | |  1.2

Action                     |  1- 3 |  4- 6 || total
---------------------------+-------+-------++-------
   Fire: Shortbow          |    87 |   141 ||   228
Ability: Dig               |       |     2 ||     2
    Use: Potion            |       |     7 ||     7
 Armour: Leather armour    |     6 |    24 ||    30
  Dodge: Dodged            |     7 |    49 ||    56

Table legend: (Time is in decaauts)
 A = Elapsed time spent in this place.
 B = Non-inter-level travel time spent in this place.
 C = Inter-level travel time spent in this place.
 D = Time resting spent in this place.
 E = Time spent auto-exploring this place.
 F = Levels seen in this place.
 G = Mean time per level.
                   A        B        C        D        E       F      G
               +--------+--------+--------+--------+--------+-----+--------+
         Total |   2754 |   2611 |    143 |    301 |   1830 |   5 |  550.8 |
       Dungeon |   2554 |   2439 |    115 |    301 |   1672 |   4 |  638.5 |
        Temple |    199 |    171 |     28 |      0 |    158 |   1 |  199.0 |
               +--------+--------+--------+--------+--------+-----+--------+

Top non-repeatable levels by time:
     D:2: 924 daAuts
     D:3: 891 daAuts
     D:1: 422 daAuts
     D:4: 315 daAuts
  Temple: 199 daAuts
